 Dungeon Crawl Stone Soup version 0.28-b1-38-gff268fdeb9 (webtiles) character file.

Game seed: 4708579094890154274

5173 Colgate the Spear-Bearer (level 10, -6/74 HPs)
             Began as a Palentonga Summoner on Feb 3, 2022.
             Was an Elder of Trog.
             Mangled by an orc knight (27 damage)
             ... in a bailey.
             The game lasted 01:11:53 (10947 turns).

Colgate the Spear-Bearer (Palentonga Summoner)     Turns: 10947, Time: 01:11:54

Health: -6/74      AC: 20    Str: 16    XL:     10   Next: 34%
Magic:  14/14      EV:  8    Int: 24    God:    Trog [****..]
Gold:   313        SH:  3    Dex: 10    Spells: 9/15 levels left

rFire   + . .      SeeInvis +   b - +2 trident (flame)
rCold   . . .      Faith    .   w - +0 buckler
rNeg    . . .      Spirit   .   D - +4 ring mail of the Knight of Cups {Str+2}
rPois   .          Reflect  .   g - +2 hat
rElec   .          Harm     +   t - scarf {harm}
rCorr   .          Rampage  .   z - +0 pair of gloves
Will    .....                   (no barding)
Stlth   +.........              y - amulet of the acrobat
HPRegen 0.22/turn               p - +6 ring of intelligence
MPRegen 0.14/turn               B - ring of protection from fire

@: on berserk cooldown, slowed, curled up, very slow
A: large, rugged brown scales 3, see invisible, deformed body, roll 1, armoured
tail, reflexive curl
a: Rolling Charge, Renounce Religion, Berserk, Trog's Hand, Brothers in Arms


You were in a bailey.
You worshipped Trog.
Trog was greatly pleased with you.
You visited 2 branches of the dungeon, and saw 12 of its levels.
You also visited: Bailey.

You collected 502 gold pieces.
You spent 189 gold pieces at shops.

Inventory:

Hand Weapons
 a - a +4 trident
 b - a +2 trident of flaming (weapon)
Missiles
 f - 5 curare-tipped darts
 l - 332 stones
 o - 9 poisoned darts
 r - 2 silver javelins
 s - 7 boomerangs
Armour
 g - a +2 hat (worn)
 t - a scarf of harm (worn)
 w - a +0 buckler (worn)
 z - a +0 pair of gloves (worn)
 D - the +4 ring mail of the Knight of Cups (worn) {Str+2}
   (You found it on level 5 of the Dungeon)

   Str:       It affects your strength (+2).
Jewellery
 p - a +6 ring of intelligence (left hand)
 y - an amulet of the acrobat (around neck)
 B - a ring of protection from fire (right hand)
Wands
 v - a wand of flame (24)
 M - a wand of iceblast (4)
Potions
 c - 6 potions of magic {unknown}
 d - 2 potions of experience
 e - a potion of mutation {unknown}
 h - a potion of brilliance {unknown}


   Skills:
 - Level 3.0 Fighting
 - Level 4.2 Short Blades
 + Level 11.0 Polearms
 - Level 2.2 Throwing
 - Level 5.1 Armour
 - Level 1.5 Dodging
 - Level 1.2 Stealth
 - Level 3.0 Spellcasting
 - Level 3.5 Summonings


You had 9 spell levels left.
You knew the following spells:

 Your Spells              Type           Power      Damage    Failure   Level
a - Summon Small Mammal   Summ           80%        N/A       6%          1
b - Call Imp              Summ           20%        N/A       9%          2
c - Call Canine Familiar  Summ           20%        N/A       17%         3

Your spell library contained the following spells:

 Spells                   Type           Power      Damage    Failure   Level
 Summon Guardian Golem    Hex/Summ       12%        N/A       34%         3
 Summon Lightning Spire   Summ/Air       12%        N/A       75%         4


Dungeon Overview and Level Annotations

Branches:
Dungeon (11/15)            Temple (1/1) D:5          Bailey (1/1)
   Lair: D:8-11         Orc: D:9-12

Altars:
Ashenzari
Cheibriados
Dithmenos
Elyvilon
Fedhas
Hepliaklqana
Kikubaaqudgha
Makhleb
Nemelex Xobeh
Okawaru
Qazlal
Ru
Sif Muna
Trog
Uskayaw
Vehumet
Wu Jian
Xom
Yredelemnul
Zin
The Shining One

Shops:
D:2 [   D:6 !   D:8 =

Annotations:
D:8 3 runed translucent doors, Tinylith's ghost, novice MiFi


Innate Abilities, Weirdness & Mutations

You are completely covered in rugged brown scales. (AC +3, +7% HP)
You have supernaturally acute eyesight. (SInv)
Armour fits poorly on your strangely shaped body.
You can roll at nearby foes to attack.
You have a long armoured tail.
You curl defensively after being hit. (AC +7*)


Message History

Trog accepts your kill.
Your Polearms skill increases to level 11!
You reach to attack!
You closely miss the orc warrior.
The orc knight no longer looks unusually strong.
The orc no longer looks unusually strong.
The orc knight roars a battlecry!
The orc goes into a battle-frenzy!
The orc warrior hits you from afar with a +0 halberd!!
A red film seems to cover your vision as you go berserk!
You feel yourself moving faster!
You feel mighty!
You are too injured to fight recklessly!
You are too injured to fight recklessly!
Reach: b) +2 trident (flame)
Press: ? - help, Dir - move target, f - orc knight, p - orc warrior
Aim: an orc knight, wielding a +0 glaive and wearing a +0 chain mail (strong, about 39% to evade your +2 trident of flaming)
You reach to attack!
You closely miss the orc knight.
Reach: b) +2 trident (flame)
Press: ? - help, Dir - move target, f/p - orc knight
Aim: an orc knight, wielding a +0 glaive and wearing a +0 chain mail (strong, about 39% to evade your +2 trident of flaming)
You reach to attack!
You puncture the orc knight! You burn the orc knight.
The orc knight is lightly wounded.
The orc warrior no longer looks unusually strong.
The orc knight roars a battlecry!
The orcs go into a battle-frenzy!
There is an open door, spattered with blood here.
Items here: ))) รท.
You feel a strong urge to attack something.
You feel your anger nearly subside.
You are no longer berserk.
You are exhausted.
You feel yourself slow down. The orc closely misses you.
The orc warrior completely misses you.
Reach: b) +2 trident (flame)
Press: ? - help, Dir - move target, f - orc warrior
Aim: an orc warrior, wielding a +0 halberd (strong, about 46% to evade your +2 trident of flaming)
You reach to attack!
You miss the orc warrior. The orc hits you but does no damage.
The orc warrior hits you from afar with a +0 halberd!
* * * LOW HITPOINT WARNING * * *
The orc knight hits you with a +0 glaive!!
You die...

#..(....#
##.....##
###'###
#.).#
#.).#
#..)#
#oo.#
###o###
##..)@.##
#....)..#
#.......#
#.....).#
#..#.#.)#
#.##8##.#
#..#.#))#
#.......#
#.......#


You could see an orc knight (strong), an orc warrior (strong) and an orc
(strong).

Vanquished Creatures
  Maggie (D:7)
  Grinder (D:5)
  A shadow (D:11)
  A vampire (D:11)
  13 yaks
  A sky beast (D:5)
  An ice beast (D:5)
  4 orc warriors
  2 ogres
  A centaur (D:7)
  2 necrophages
  A phantom (D:7)
  2 kobold brigands (D:7)
  Blork the orc (D:5)
  3 bullfrogs
  A gnoll sergeant (D:8)
  2 scorpions (D:4)
  A wyvern skeleton (D:5)
  A water moccasin skeleton (D:7)
  4 centaur zombies
  3 orc priests
  2 jellies
  A centaur skeleton (D:5)
  Ijyb (D:3)
  4 iguanas
  3 orc wizards
  2 killer bee zombies
  2 howler monkey zombies
  8 gnolls
  2 adders
  2 shadow imps
  A white imp (D:6)
  An adder zombie (D:5)
  6 dart slugs
  42 orcs
  5 endoplasms
  A giant cockroach (D:2)
  4 goblins (D:1)
  6 hobgoblins
  4 jackals (D:2)
  2 quokkas
  4 ball pythons
  5 bats
  9 frilled lizards
  13 kobolds
  5 rats
182 creatures vanquished.

Vanquished Creatures (collateral kills)
  2 dart slugs (D:1)
  A goblin (D:1)
  A ball python (D:1)
  A frilled lizard (D:1)
  A rat (D:1)
6 creatures vanquished.

Grand Total: 188 creatures vanquished

Notes
Turn   | Place    | Note
-------+----------+-------------------------------------------
     0 | D:1      | Colgate the Palentonga Summoner began the quest for the
                  | Orb.
     0 | D:1      | Reached XP level 1. HP: 13/13 MP: 3/3
   200 | D:1      | Reached XP level 2. HP: 20/20 MP: 2/5
   203 | D:1      | Learned a level 2 spell: Call Imp
   749 | D:1      | Reached XP level 3. HP: 18/25 MP: 2/7
   753 | D:1      | Learned a level 3 spell: Call Canine Familiar
   937 | D:1      | Found a faded altar of an unknown god.
   943 | D:1      | Prayed at the altar of an unknown god.
   943 | D:1      | Became a worshipper of Trog the Wrathful
   943 | D:1      | Reached * piety under Trog
  1278 | D:1      | Found a bloodstained altar of Trog.
  1800 | D:2      | Reached skill level 1 in Short Blades
  2093 | D:2      | Found a snail-covered altar of Cheibriados.
  2131 | D:2      | Found Leicenuth's Antique Armour Shop.
  2141 | D:2      | Noticed a necrophage
  2147 | D:2      | Killed a necrophage
  2148 | D:2      | Reached XP level 4. HP: 29/32 MP: 8/8
  2277 | D:2      | Identified the +1 chain mail of Vomyxen {Int+2}
  2731 | D:2      | Reached XP level 5. HP: 37/37 MP: 9/9
  2873 | D:3      | Reached ** piety under Trog
  2884 | D:3      | Noticed Ijyb
  2888 | D:3      | Killed Ijyb
  3372 | D:3      | Reached skill level 1 in Fighting
  3654 | D:4      | Reached skill level 1 in Throwing
  3654 | D:4      | Reached XP level 6. HP: 49/49 MP: 10/10
  4226 | D:4      | Reached skill level 1 in Polearms
  4666 | D:5      | Entered Level 5 of the Dungeon
  4668 | D:5      | Noticed a sky beast
  4672 | D:5      | Killed a sky beast
  4673 | D:5      | Reached skill level 2 in Polearms
  4673 | D:5      | Gained mutation: You curl defensively after being hit. (AC
                  | +7*) [Palentonga growth]
  4673 | D:5      | Reached XP level 7. HP: 54/54 MP: 11/11
  4674 | D:5      | Identified the +4 ring mail of the Knight of Cups {Str+2}
  4957 | D:2      | Bought a glowing hat for 189 gold pieces
  5109 | D:5      | Reached skill level 3 in Polearms
  5127 | D:5      | Found a staircase to the Ecumenical Temple.
  5136 | Temple   | Entered the Ecumenical Temple
  5401 | D:5      | Noticed Grinder
  5467 | D:5      | Noticed Blork the orc
  5473 | D:5      | Killed Blork the orc
  5616 | D:5      | Reached skill level 4 in Polearms
  6045 | D:5      | Reached skill level 5 in Polearms
  6160 | D:5      | Reached XP level 8. HP: 55/60 MP: 12/12
  6302 | D:5      | Killed Grinder
  6303 | D:5      | Reached skill level 6 in Polearms
  6765 | D:6      | Found Joyp Tim's Distillery.
  6944 | D:6      | Reached skill level 7 in Polearms
  7155 | D:5      | Reached skill level 8 in Polearms
  7158 | D:5      | Reached skill level 1 in Armour
  7235 | D:5      | Reached XP level 9. HP: 52/66 MP: 13/13
  7708 | D:6      | Reached *** piety under Trog
  8116 | D:7      | Reached skill level 9 in Polearms
  8279 | D:7      | Noticed Maggie
  8291 | D:7      | Killed Maggie
  9367 | D:8      | Reached skill level 10 in Polearms
  9546 | D:8      | Reached XP level 10. HP: 74/74 MP: 14/14
  9558 | D:8      | Reached skill level 5 in Armour
  9565 | D:8      | Reached **** piety under Trog
  9903 | D:8      | Found a runed translucent gate.
  9903 | D:8      | Found a runed translucent gate.
  9903 | D:8      | Found a runed translucent gate.
  9904 | D:8      | Noticed Tinylith's ghost (novice MiFi)
 10041 | D:8      | Found Obruifar's Jewellery Boutique.
 10309 | D:9      | You fall into a shaft and drop 2 floors!
 10353 | D:10     | Entered Level 10 of the Dungeon
 10567 | D:10     | Found a flagged portal.
 10603 | Bailey   | Entered a bailey
 10912 | Bailey   | Noticed an orc knight
 10912 | Bailey   | Noticed an orc knight
 10913 | Bailey   | Noticed an orc knight
 10939 | Bailey   | Reached skill level 11 in Polearms
 10947 | Bailey   | Mangled by an orc knight

Illustrated notes

Levels and vault maps discovered:
D:1:      shiori_shiawase, layout_rooms, hellmonk_ecumenical_altar_leap_of_faith
D:2:      layout_loops_ring, serial_shops, shop_fountains, basic_altar,
          hangedman_decor_clover_reticule
D:3:      layout_basic, uniq_ijyb
D:4:      layout_loops_ring
D:5:      layout_loops_corners, minmay_temple_entry_mist, uniq_blork_the_orc,
          uniq_grinder
D:6:      layout_gridville, serial_shops, shop
D:7:      layout_basic, patterned_corridor, uniq_maggie
D:8:      layout_loops_corners, serial_shops, kennysheep_mini_moat,
          gammafunk_ghost_nasty_kobolds
D:9:      layout_loops_ring, overflow_temple_1_default, dpeg_oklobed_lair,
          chequers_garden, kennysheep_kite_vault
D:10:     layout_roguey, orc_0_dummy, enter_bailey_6, uniq_sonja
D:11:     layout_small_grid
Temple:   mainiacjoe_temple_hex_bubbles
Bailey:   bailey_polearm_5, bailey

Skill      XL: |  1  2  3  4  5  6  7  8  9 10 |
---------------+-------------------------------+-----
Spellcasting   | 3 |  3.0
Short Blades   | 3 4 |  4.2
Fighting       | 2 3 |  3.0
Throwing       | 1 2 |  2.2
Polearms       | 2 5 8 10 11 | 11.0
Armour         | 2 4 5 |  5.1
Dodging        | |  1.5
Stealth        | |  1.2
Summonings     | |  3.5

Action                   |  1- 3 |  4- 6 |  7- 9 | 10-12 || total
-------------------------+-------+-------+-------+-------++-------
Melee: Unarmed           |     8 |       |       |       ||     8
       Dagger            |    78 |    53 |       |       ||   131
       Tailslap          |    11 |     7 |    37 |     4 ||    59
       Short sword       |       |    38 |       |       ||    38
       Trident           |       |     1 |   238 |    78 ||   317
Throw: Stone             |    17 |    16 |       |       ||    33
       Dart              |       |     7 |    15 |     2 ||    24
       Boomerang         |       |       |     9 |     3 ||    12
       Javelin           |       |       |     6 |    11 ||    17
 Cast: Summon Small Mamm |    22 |       |       |       ||    22
       Call Imp          |     6 |       |       |       ||     6
Invok: Berserk           |     2 |     4 |     3 |     1 ||    10
 Abil: Rolling Charge    |    30 |    29 |    38 |    11 ||   108
 Stab: Distracted        |     1 |       |       |       ||     1
Armor: Robe              |    19 |    20 |       |       ||    39
       Ring mail         |       |       |    67 |    27 ||    94
Dodge: Dodged            |    25 |    16 |    98 |    26 ||   165
Block: Buckler           |       |     5 |    21 |     4 ||    30
